 Dungeon Crawl Stone Soup version 0.28-a0-938-gbc3f381ebc (webtiles) character file.

Game seed: 1287297773874472893

15913 croobank the Nimble (level 12, -23/97 HPs)
             Began as a Gnoll Monk on Nov 30, 2021.
             Was the Champion of Makhleb.
             Annihilated by a +0 executioner's axe of chaos (33 damage)
             ... on level 2 of the Lair of Beasts.
             The game lasted 02:03:43 (12432 turns).

croobank the Nimble (Gnoll Monk)                   Turns: 12432, Time: 02:03:44

Health: -23/97     AC: 22    Str: 16    XL:     12   Next: 32%
Magic:  18/22      EV: 15    Int: 16    God:    Makhleb [******]
Gold:   364        SH:  9    Dex: 16    Spells: 2/25 levels left

rFire   + . .      SeeInvis +   a - +5 scimitar (flame)
rCold   . . .      Faith    .   R - +3 buckler
rNeg    . . .      Spirit   .   O - +9 ring mail of Firr {Int+5}
rPois   .          Reflect  .   (helmet currently unavailable)
rElec   .          Harm     .   e - +2 cloak
rCorr   .          Rampage  .   m - +2 pair of gloves {Str+3}
Will    .....                   (boots currently unavailable)
Stlth   +++.......              p - amulet of regeneration
HPRegen 1.06/turn               W - ring of see invisible
MPRegen 0.18/turn               L - ring of protection from fire

@: appendages (expiring), wereblooded
A: horns 2, talons 2, fangs 1, strong nose, distributed training
a: End Transformation, Renounce Religion, Minor Destruction, Lesser Servant of
Makhleb, Major Destruction, Greater Servant of Makhleb


You were on level 2 of the Lair of Beasts.
You worshipped Makhleb.
Makhleb was exalted by your worship.
You had temporarily grown beastly horns and talons.
You visited 2 branches of the dungeon, and saw 13 of its levels.
You also visited: Ossuary and Bailey.

You collected 1757 gold pieces.
You spent 1393 gold pieces at shops.

Inventory:

Hand Weapons
 a - a +5 scimitar of flaming (weapon)
 b - a +0 hand crossbow of freezing
 f - a +0 hand axe of electrocution
 g - a +2 falchion
 l - a +0 battleaxe
 A - a +1 short sword of speed
 B - a +0 war axe
 S - a +1 great sword
 T - a +0 broad axe
 Z - a +4 dagger of chaos
Missiles
 d - 74 bolts
 h - 2 atropa-tipped darts
 k - 414 stones
 s - 9 throwing nets (quivered)
 y - 55 poisoned darts
 D - 172 arrows
Armour
 e - a +2 cloak (worn)
 m - a +2 pair of gloves of strength (worn)
 t - a +0 kite shield
 w - a +0 ring mail of cold resistance
 E - a scarf of invisibility
 H - the +1 leather armour of the Good {rC+}
   (You found it on level 5 of the Dungeon)

   rC:        It protects you from cold.
 O - the +9 ring mail of Firr (worn) {Int+5}
   (You found it on level 5 of the Dungeon)

   Int:       It affects your intelligence (+5).
 R - a +3 buckler (worn)
 U - a +3 leather armour of poison resistance
 X - a +1 helmet (melded)
Magical Staves
 o - a staff of death
 F - a staff of air
 I - a staff of poison
Jewellery
 c - a ring of flight
 i - a ring of protection from cold
 p - an amulet of regeneration (around neck)
 u - a ring of resist corrosion
 x - the ring "Qiesuics" {Wiz rElec Dex+3}
   (You bought it in a shop on level 5 of the Dungeon)

   [ring of wizardry]

   It improves your spell success rate.
   Dex:       It affects your dexterity (+3).
   rElec:     It insulates you from electricity.
 L - a ring of protection from fire (right hand)
 W - a ring of see invisible (left hand)
Wands
 q - a wand of flame (33)
 Q - a wand of charming (8)
Scrolls
 j - a scroll of silence
 r - 3 scrolls of fear
 v - 2 scrolls of teleportation
 G - a scroll of fog
 M - 4 scrolls of magic mapping
 N - 2 scrolls of immolation
 P - 2 scrolls of identify
Potions
 n - 6 potions of curing
 C - 4 potions of lignification
 J - a potion of ambrosia
 K - 2 potions of brilliance
 V - 2 potions of flight


   Skills:
 + Level 9.8 Fighting
 + Level 7.2 Short Blades
 + Level 9.8 Long Blades
 + Level 7.2 Axes
 + Level 7.2 Maces & Flails
 + Level 7.2 Polearms
 + Level 7.2 Staves
 + Level 7.2 Slings
 + Level 7.2 Bows
 + Level 7.2 Crossbows
 + Level 7.2 Throwing
 + Level 7.2 Armour
 + Level 9.8 Dodging
 + Level 8.4 Stealth
 + Level 7.2 Shields
 + Level 7.2 Unarmed Combat
 + Level 7.2 Spellcasting
 + Level 5.9 Conjurations
 + Level 5.9 Hexes
 + Level 5.9 Summonings
 + Level 5.9 Necromancy
 + Level 5.9 Translocations
 + Level 5.9 Transmutations
 + Level 5.9 Fire Magic
 + Level 5.9 Ice Magic
 + Level 5.9 Air Magic
 + Level 5.9 Earth Magic
 + Level 5.9 Poison Magic
 + Level 7.9 Invocations
 + Level 7.2 Evocations


You had 2 spell levels left.
You knew the following spells:

 Your Spells              Type           Power      Damage    Failure   Level
a - Beastly Appendage     Tmut           48%        N/A       1%          1
b - Wereblood             Tmut           24%        N/A       2%          2
c - Spider Form           Tmut/Pois      24%        N/A       5%          3
d - Cause Fear            Hex            12%        N/A       19%         4
e - Ensorcelled Hibernat  Hex/Ice        48%        N/A       2%          2
f - Slow                  Hex            96%        N/A       1%          1
g - Confusing Touch       Hex            24%        N/A       5%          3
h - Ice Form              Ice/Tmut       24%        N/A       19%         4
i - Frozen Ramparts       Ice            48%        1d6       5%          3

Your spell library contained the following spells:

 Spells                   Type           Power      Damage    Failure   Level
 Corpse Rot               Necr/Air       48%        N/A       2%          2
 Poisonous Vapours        Pois/Air       48%        N/A       2%          2
 Sublimation of Blood     Necr           24%        N/A       2%          2
 Vampiric Draining        Necr           24%        2d7       5%          3
 Summon Ice Beast         Ice/Summ       24%        N/A       19%         4
 Metabolic Englaciation   Hex/Ice        12%        N/A       45%         5
 Simulacrum               Ice/Necr       12%        N/A       95%         6
 Dragon Form              Tmut           12%        N/A       100%        7
 Ozocubu's Refrigeration  Ice            12%        4d7       100%        7
 Summon Hydra             Summ           12%        N/A       100%        7
 Dragon's Call            Summ           12%        N/A       100%        9


Dungeon Overview and Level Annotations

Branches:
Dungeon (11/15)            Temple (0/1) D:5            Lair (2/6) D:10
    Orc (0/2) D:10        Ossuary (visited)          Bailey (visited)
  Swamp: Lair:2-4    Shoals: Lair:2-4     Snake: Lair:2-4    Spider: Lair:2-4

Altars:
Ashenzari
Dithmenos
Elyvilon
Gozag
Kikubaaqudgha
Makhleb
Sif Muna
Trog
Xom
Zin

Shops:
D:2 :   D:5 (?=?

Annotations:
Lair:2 lunkers's ghost, journeyman TrCA


Innate Abilities, Weirdness & Mutations

You have temporarily grown beastly horns and talons.
You have very sharp teeth.
Your uncanny sense of smell can sniff out nearby items.
Your experience applies equally to all skills.


Message History

Your primal bloodlust is almost over.
The +0 executioner's axe of chaos hits you!!
You are poisoned.
The wall freezes lunkers's ghost.
You block lunkers's ghost's attack.
Your frozen ramparts will break if you move.
Continue?
Okay, then.
Okay, then.
Press: ? - help, Shift-Dir - straight line, f - +0 executioner's axe of chaos
Aim: a +0 executioner's axe of chaos (moderately damaged)
The bolt of fire hits the +0 executioner's axe of chaos.
The +0 executioner's axe of chaos completely resists.
The +0 executioner's axe of chaos is moderately damaged.
You feel extremely sick.
The +0 executioner's axe of chaos hits you!!
* * * LOW HITPOINT WARNING * * *
The wall freezes lunkers's ghost.
Lunkers's ghost hits you but does no damage.
You feel better.
You block the +0 executioner's axe of chaos's attack.
The wall freezes lunkers's ghost.
Lunkers's ghost misses you.
Okay, then.
Okay, then.
Your frozen ramparts will break if you move.
Continue?
Uppercase [Y]es or [N]o only, please.
Your frozen ramparts will break if you move.
Continue? [Y]es or [N]o only, please.
Your frozen ramparts will break if you move.
Continue?
The frozen ramparts melt away as you move.
Your transformation is almost over.
Casting: Frozen Ramparts (mildly dangerous; 5% risk of failure)
Confirm with . or Enter, or press ? or * to list all spells.
Aiming: Slow (safe; 1% risk of failure)
Press: ? - help, Shift-Dir - straight line, f/p - +0 executioner's axe of chaos
Aim: a +0 executioner's axe of chaos (moderately damaged, infinite will)
Okay, then.
Casting: Slow (safe; 1% risk of failure)
Confirm with . or Enter, or press ? or * to list all spells.
Your blood is freshly infused with primal strength!
The +0 executioner's axe of chaos hits you!!
You die...

...#.#####.#............=.### ###
.......##...................#####
.........#..#................#...
...........##....................
............##.................##
.........#.###..)............####
........#### #................##.
.......## ##W(........W...P#..
##....## ##@............##..
##..## ###........#..#... #...#
##..######...... ##..# #.###
#..#... #.## ## ##...... #.##
#..#.... ###..# ##....... .....##
#........ #...#.# ##...####


You could see a +0 executioner's axe of chaos and lunkers's ghost.

Vanquished Creatures
  A hydra (Lair:1)
  A boulder beetle (Lair:2)
  Erica (D:9)
  A two-headed ogre (D:9)
  A wizard (D:7)
  A black mamba (Lair:1)
  Joseph (D:8)
  Maurice (D:10)
  A cane toad (Lair:2)
  An unseen horror (D:10)
  Psyche (D:9)
  5 komodo dragons
  A troll (D:10)
  4 blink frogs (Lair:2)
  Grinder (D:5)
  2 wyverns
  Grum (D:10)
  19 yaks
  A vampire (D:10)
  Edmund (D:5)
  4 water moccasins
  4 orc warriors
  A swamp drake (D:10)
  A hornet zombie (D:4)
  3 ice beasts
  An ogre (D:6)
  5 wolves
  A necrophage (D:8)
  2 centaurs
  A kobold brigand (D:6)
  7 gnoll sergeants
  4 bullfrogs
  A wyvern zombie (D:7)
  A water moccasin zombie (D:5)
  2 scorpions
  A wyvern skeleton (D:6)
  4 killer bees (D:4)
  The ghost of pdpol the Skirmisher, a weakling PaWr (D:3)
  5 wights (D:7)
  A howler monkey (D:7)
  8 centaur zombies
  8 orc priests
  2 jellies
  A bullfrog skeleton (D:6)
  8 gnoll shamans
  5 hounds
  2 centaur skeletons
  7 orc wizards
  2 killer bee zombies (D:8)
  8 mummies (Ossuary)
  30 gnolls
  3 adders
  A shadow imp (D:6)
  2 white imps
  2 ufetubi
  A worm (D:3)
  A dart slug (D:1)
  36 orcs
  5 ball pythons
  6 bats
  5 endoplasms
  3 giant cockroaches
  13 goblins
  8 hobgoblins
  3 jackals (D:3)
  12 kobolds
  2 quokkas
  4 frilled lizards
  3 hobgoblin zombies (Ossuary)
  3 kobold zombies (Ossuary)
  2 orc zombies (Ossuary)
  10 rats
302 creatures vanquished.

Vanquished Creatures (collateral kills)
  A basilisk (D:10)
  2 gnoll sergeants (Bailey)
3 creatures vanquished.

Vanquished Creatures (others)
  9 fungi
  7 plants
16 creatures vanquished.

Grand Total: 321 creatures vanquished

Notes
Turn   | Place    | Note
-------+----------+-------------------------------------------
     0 | D:1      | croobank the Gnoll Monk began the quest for the Orb.
     0 | D:1      | Reached XP level 1. HP: 23/23 MP: 1/1
   105 | D:1      | Reached XP level 2. HP: 29/29 MP: 2/2
   693 | D:1      | Reached XP level 3. HP: 35/35 MP: 3/3
   983 | D:2      | Found Maprodappo's Book Boutique.
  1168 | D:2      | Found a faded altar of an unknown god.
  1176 | D:2      | Prayed at the altar of an unknown god.
  1176 | D:2      | Became a worshipper of Makhleb the Destroyer
  1176 | D:2      | Reached * piety under Makhleb
  1176 | D:2      | Reached ** piety under Makhleb
  1572 | D:2      | Reached skill level 1 in Invocations
  1701 | D:3      | Found a glowing silver altar of Zin.
  1707 | D:3      | Reached *** piety under Makhleb
  1823 | D:3      | Reached skill level 1 in Short Blades
  1823 | D:3      | Reached skill level 1 in Axes
  1823 | D:3      | Reached skill level 1 in Maces & Flails
  1823 | D:3      | Reached skill level 1 in Polearms
  1823 | D:3      | Reached skill level 1 in Staves
  1823 | D:3      | Reached skill level 1 in Slings
  1823 | D:3      | Reached skill level 1 in Bows
  1823 | D:3      | Reached skill level 1 in Crossbows
  1823 | D:3      | Reached skill level 1 in Throwing
  1823 | D:3      | Reached skill level 1 in Armour
  1823 | D:3      | Reached skill level 1 in Shields
  1823 | D:3      | Reached skill level 1 in Unarmed Combat
  1823 | D:3      | Reached skill level 1 in Spellcasting
  1823 | D:3      | Reached skill level 1 in Evocations
  1873 | D:3      | Reached XP level 4. HP: 38/41 MP: 5/5
  2126 | D:3      | Noticed pdpol's ghost (weakling PaWr)
  2134 | D:3      | Found a runed translucent gate.
  2134 | D:3      | Found a runed translucent gate.
  2134 | D:3      | Found a runed translucent gate.
  2180 | D:3      | Killed pdpol's ghost
  2181 | D:3      | Reached skill level 1 in Conjurations
  2181 | D:3      | Reached skill level 1 in Hexes
  2181 | D:3      | Reached skill level 1 in Summonings
  2181 | D:3      | Reached skill level 1 in Necromancy
  2181 | D:3      | Reached skill level 1 in Translocations
  2181 | D:3      | Reached skill level 1 in Transmutations
  2181 | D:3      | Reached skill level 1 in Fire Magic
  2181 | D:3      | Reached skill level 1 in Ice Magic
  2181 | D:3      | Reached skill level 1 in Air Magic
  2181 | D:3      | Reached skill level 1 in Earth Magic
  2181 | D:3      | Reached skill level 1 in Poison Magic
  2181 | D:3      | Reached XP level 5. HP: 47/47 MP: 6/6
  2541 | D:3      | Found a shadowy altar of Dithmenos.
  2695 | D:4      | Found an opulent altar of Gozag.
  2970 | D:4      | Reached XP level 6. HP: 14/53 MP: 8/8
  3063 | D:4      | Found a sand-covered staircase.
  3071 | Ossuary  | Entered an ossuary
  3105 | Ossuary  | Reached **** piety under Makhleb
  3134 | Ossuary  | Reached XP level 7. HP: 28/59 MP: 10/10
  3551 | D:4      | Found a shimmering blue altar of Sif Muna.
  3868 | D:2      | Bought a book of Changes for 252 gold pieces
  4013 | D:5      | Entered Level 5 of the Dungeon
  4031 | D:5      | Found Syuqion's Magic Scroll Shoppe.
  4031 | D:5      | Noticed Edmund
  4109 | D:5      | Found Xoj Sais's Antique Weapon Shoppe.
  4176 | D:5      | Noticed Grinder
  4180 | D:5      | Paralysed by Grinder for 2 turns
  4193 | D:5      | Paralysed by Grinder for 3 turns
  4201 | D:5      | Killed Grinder
  4202 | D:5      | Reached skill level 5 in Stealth
  4277 | D:5      | Reached XP level 8. HP: 67/67 MP: 12/12
  4337 | D:5      | Identified the +1 leather armour of the Good {rC+}
  4367 | D:5      | Found Okhen's Magic Scroll Boutique.
  4403 | D:5      | Learned a level 1 spell: Beastly Appendage
  4406 | D:5      | Learned a level 2 spell: Wereblood
  4410 | D:5      | Learned a level 3 spell: Spider Form
  4410 | D:5      | Bought a scroll of identify for 24 gold pieces
  4410 | D:5      | Bought a scroll of fear for 42 gold pieces
  4410 | D:5      | Bought a scroll of fear for 42 gold pieces
  4410 | D:5      | Bought a scroll of enchant armour for 90 gold pieces
  4573 | D:5      | Found Gipeq's Jewellery Boutique.
  4609 | D:5      | Found a staircase to the Ecumenical Temple.
  4804 | D:5      | Killed Edmund
  4810 | D:5      | Bought a scroll of identify for 30 gold pieces
  4938 | D:5      | Identified the +9 ring mail of Firr {Int+5}
  4951 | D:5      | Found a white marble altar of Elyvilon.
  5546 | D:6      | Reached XP level 9. HP: 50/72 MP: 7/14
  5635 | D:6      | Found a bloodstained altar of Trog.
  5657 | D:6      | Reached ***** piety under Makhleb
  6211 | D:7      | Noticed a wizard
  6253 | D:7      | Killed a wizard
  6370 | D:7      | Reached skill level 5 in Invocations
  6613 | D:7      | Found an ancient bone altar of Kikubaaqudgha.
  6750 | D:7      | Found a broken altar of Ashenzari.
  6824 | D:7      | Reached XP level 10. HP: 76/80 MP: 17/17
  6847 | D:7      | Learned a level 4 spell: Cause Fear
  6921 | D:7      | Found a burning altar of Makhleb.
  6961 | D:7      | Reached skill level 5 in Short Blades
  6961 | D:7      | Reached skill level 5 in Axes
  6961 | D:7      | Reached skill level 5 in Maces & Flails
  6961 | D:7      | Reached skill level 5 in Polearms
  6961 | D:7      | Reached skill level 5 in Staves
  6961 | D:7      | Reached skill level 5 in Slings
  6961 | D:7      | Reached skill level 5 in Bows
  6961 | D:7      | Reached skill level 5 in Crossbows
  6961 | D:7      | Reached skill level 5 in Throwing
  6961 | D:7      | Reached skill level 5 in Armour
  6961 | D:7      | Reached skill level 5 in Shields
  6961 | D:7      | Reached skill level 5 in Unarmed Combat
  6961 | D:7      | Reached skill level 5 in Spellcasting
  6961 | D:7      | Reached skill level 5 in Evocations
  7259 | D:8      | Noticed Joseph
  7292 | D:8      | Killed Joseph
  8040 | D:9      | Noticed Psyche
  8054 | D:9      | Killed Psyche
  8243 | D:9      | Noticed a two-headed ogre
  8262 | D:9      | Killed a two-headed ogre
  8356 | D:9      | Noticed Erica
  8385 | D:9      | Killed Erica
  8513 | D:9      | Got the Guide on the Snowflakes
  8517 | D:9      | Learned a level 2 spell: Ensorcelled Hibernation
  8531 | D:9      | Found a flagged portal.
  8544 | D:9      | Reached XP level 11. HP: 87/87 MP: 19/19
  8597 | Bailey   | Entered a bailey
  8656 | Bailey   | Reached ****** piety under Makhleb
  8693 | Bailey   | Reached skill level 5 in Conjurations
  8693 | Bailey   | Reached skill level 5 in Hexes
  8693 | Bailey   | Reached skill level 5 in Summonings
  8693 | Bailey   | Reached skill level 5 in Necromancy
  8693 | Bailey   | Reached skill level 5 in Translocations
  8693 | Bailey   | Reached skill level 5 in Transmutations
  8693 | Bailey   | Reached skill level 5 in Fire Magic
  8693 | Bailey   | Reached skill level 5 in Ice Magic
  8693 | Bailey   | Reached skill level 5 in Air Magic
  8693 | Bailey   | Reached skill level 5 in Earth Magic
  8693 | Bailey   | Reached skill level 5 in Poison Magic
  9484 | D:9      | Learned a level 1 spell: Slow
  9488 | D:9      | Learned a level 3 spell: Confusing Touch
  9738 | D:10     | Entered Level 10 of the Dungeon
 10122 | D:10     | Learned a level 4 spell: Ice Form
 10273 | D:10     | Noticed Grum
 10322 | D:10     | Killed Grum
 10361 | D:10     | Found a staircase to the Lair.
 10386 | D:10     | Noticed Maurice
 10445 | D:10     | Found a staircase to the Orcish Mines.
 10710 | D:5      | Bought a ring of resist corrosion for 260 gold pieces
 10710 | D:5      | Bought the ring "Qiesuics" {Wiz rElec Dex+3} for 653 gold
                  | pieces
 10915 | D:10     | Killed Maurice
 10994 | Lair:1   | Entered Level 1 of the Lair of Beasts
 11162 | Lair:1   | Noticed an oklob plant
 11338 | Lair:1   | Noticed a seven-headed hydra
 11362 | Lair:1   | Killed a seven-headed hydra
 11363 | Lair:1   | Reached XP level 12. HP: 59/96 MP: 20/22
 12009 | Lair:2   | Found a runed translucent door.
 12009 | Lair:2   | Found a shimmering altar of Xom.
 12009 | Lair:2   | Noticed lunkers's ghost (journeyman TrCA)
 12127 | Lair:2   | Noticed a boulder beetle
 12196 | Lair:2   | Killed a boulder beetle
 12317 | Lair:2   | Identified the +4 ring mail of Space {rF+ Will- Str+3}
 12399 | Lair:2   | Learned a level 3 spell: Frozen Ramparts
 12428 | Lair:2   | HP: 1/97 [+0 executioner's axe of chaos (26)]
 12432 | Lair:2   | Annihilated by a +0 executioner's axe of chaos

Illustrated notes

Levels and vault maps discovered:
D:1:      roderic_chinese_lattice_arrival, layout_basic, serial_park_tiny_2,
          serial_park_tiny_1, minmay_circled_x
D:2:      kennysheep_the_goblin_king, layout_basic, serial_shops,
          nicolae_diamond_shop, chequers_ecumenical_altar_island,
          minmay_misc_feat_ornament, chequers_serial_rivers_marsh, minivault_26
D:3:      cheibrodos_old_hovel, layout_basic, mainiacjoe_overflow_24_doors,
          lemuel_crystal_altar, gammafunk_ghost_split
D:4:      layout_loops_ring, old_standard_altar, kennysheep_mini,
          nicolae_ossuary_entry_ruins, lemuel_old_faithful
D:5:      layout_basic, elyvilon_altar_1, minmay_temple_entry_antechambers,
          serial_shops, shop, nicolae_shop_hallway_plus, shop, shop_statue,
          uniq_edmund, uniq_grinder
D:6:      layout_loops_ring, trog_hazing_becter
D:7:      cheibrodos_wizards_tower, layout_basic, mainiacjoe_overflow_boulevard,
          mainiacjoe_overflow_six_doors_small, lemuel_round_altar
D:8:      layout_loops_ring, uniq_joseph
D:9:      layout_gridville, enter_bailey_5, uniq_erica, uniq_psyche
D:10:     layout_cave_pools, erik_lair_dragon, orc_0_dummy, uniq_grum,
          uniq_maurice
D:11:     layout_roguey, uniq_nergalle, uniq_josephine
Lair:1:   dpeg_oklob_gauntlet, layout_loops_ring
Lair:2:   layout_cave_pods, ebering_ghost_xom

Skill      XL: |  1  2  3  4  5  6  7  8  9 10 11 12 |
---------------+-------------------------------------+-----
Invocations    | 1 2 3 4 5 6 7 |  7.9
Short Blades   | 1 2 3 4 5 6 7 |  7.2
Axes           | 1 2 3 4 5 6 7 |  7.2
Maces & Flails | 1 2 3 4 5 6 7 |  7.2
Polearms       | 1 2 3 4 5 6 7 |  7.2
Staves         | 1 2 3 4 5 6 7 |  7.2
Slings         | 1 2 3 4 5 6 7 |  7.2
Bows           | 1 2 3 4 5 6 7 |  7.2
Crossbows      | 1 2 3 4 5 6 7 |  7.2
Throwing       | 1 2 3 4 5 6 7 |  7.2
Armour         | 1 2 3 4 5 6 7 |  7.2
Shields        | 1 2 3 4 5 6 7 |  7.2
Unarmed Combat | 1 2 3 4 5 6 7 |  7.2
Spellcasting   | 1 2 3 4 5 6 7 |  7.2
Evocations     | 1 2 3 4 5 6 7 |  7.2
Conjurations   | 1 2 3 4 5 |  5.9
Hexes          | 1 2 3 4 5 |  5.9
Summonings     | 1 2 3 4 5 |  5.9
Necromancy     | 1 2 3 4 5 |  5.9
Translocations | 1 2 3 4 5 |  5.9
Transmutations | 1 2 3 4 5 |  5.9
Fire Magic     | 1 2 3 4 5 |  5.9
Ice Magic      | 1 2 3 4 5 |  5.9
Air Magic      | 1 2 3 4 5 |  5.9
Earth Magic    | 1 2 3 4 5 |  5.9
Poison Magic   | 1 2 3 4 5 |  5.9
Fighting       | 7 8 9 |  9.8
Long Blades    | 7 8 9 |  9.8
Dodging        | 7 8 9 |  9.8
Stealth        | 5 6 7 8 |  8.4

Action                   |  1- 3 |  4- 6 |  7- 9 | 10-12 || total
-------------------------+-------+-------+-------+-------++-------
Melee: Falchion          |   121 |   233 |   551 |   293 ||  1198
       Bite              |    10 |    21 |    66 |    94 ||   191
       Hand axe          |       |     7 |       |       ||     7
       Punch             |       |     2 |     9 |    16 ||    27
       Kick              |       |       |    25 |    13 ||    38
       Headbutt          |       |       |    12 |     7 ||    19
       Scimitar          |       |       |       |   373 ||   373
       Dagger            |       |       |       |    18 ||    18
 Fire: Shortbow          |       |       |       |     8 ||     8
       Hand crossbow     |       |       |       |     5 ||     5
Throw: Dart              |       |       |     7 |     2 ||     9
       Throwing net      |       |       |     1 |     1 ||     2
 Cast: Beastly Appendage |       |       |    10 |     4 ||    14
       Wereblood         |       |       |     8 |     4 ||    12
       Slow              |       |       |       |    11 ||    11
       Cause Fear        |       |       |       |     4 ||     4
       Ensorcelled Hiber |       |       |       |     3 ||     3
       Confusing Touch   |       |       |       |     1 ||     1
       Frozen Ramparts   |       |       |       |     1 ||     1
Invok: Lesser Servant of |       |     1 |       |     2 ||     3
       Minor Destruction |       |     1 |     1 |     8 ||    10
       Major Destruction |       |       |     2 |     2 ||     4
Evoke: Wand              |       |       |     1 |     2 ||     3
  Use: Scroll            |     3 |     1 |    14 |    16 ||    34
       Potion            |       |     5 |     4 |     6 ||    15
 Stab: Sleeping          |    14 |     1 |     5 |    10 ||    30
       Distracted        |       |     1 |     2 |     1 ||     4
       Confused          |       |       |       |     2 ||     2
       Held in net/web   |       |       |       |     2 ||     2
Armor: Robe              |     7 |       |       |       ||     7
       Leather armour    |     5 |    16 |     9 |     3 ||    33
       Skin              |       |    52 |       |     1 ||    53
       Ring mail         |       |    38 |   175 |   283 ||   496
Dodge: Dodged            |    73 |   165 |   334 |   500 ||  1072
Block: Buckler           |       |       |       |   117 ||   117

Table legend: (Time is in decaauts)
 A = Elapsed time spent in this place.
 B = Non-inter-level travel time spent in this place.
 C = Inter-level travel time spent in this place.
 D = Time resting spent in this place.
 E = Time spent auto-exploring this place.
 F = Levels seen in this place.
 G = Mean time per level.
                   A        B        C        D        E       F      G
               +--------+--------+--------+--------+--------+-----+--------+
         Total |  12298 |  11674 |    624 |    413 |   6682 |  15 |  819.9 |
       Dungeon |  10019 |   9427 |    592 |    163 |   5752 |  11 |  910.8 |
          Lair |   1404 |   1372 |     32 |    151 |    676 |   2 |  702.0 |
       Ossuary |    256 |    256 |      0 |      0 |     64 |   1 |  256.0 |
        Bailey |    618 |    618 |      0 |     98 |    190 |   1 |  618.0 |
               +--------+--------+--------+--------+--------+-----+--------+

Top non-repeatable levels by time:
     D:7: 1225 daAuts
     D:9: 1215 daAuts
     D:5: 1133 daAuts
     D:3: 1071 daAuts
     D:6: 962 daAuts
    D:10: 935 daAuts
     D:2: 921 daAuts
     D:4: 904 daAuts
     D:1: 860 daAuts
  Lair:1: 854 daAuts
     D:8: 769 daAuts
  Bailey: 618 daAuts
  Lair:2: 549 daAuts
 Ossuary: 256 daAuts
    D:11: 21 daAuts
